 Dungeon Crawl Stone Soup version 0.27-a0-1502-g47ed6a6988 (webtiles) character file.

Game seed: 2254058854164014820

21 quinnr the Gusty (level 2, 0/15 HPs)
             Began as a Tengu Air Elementalist on July 8, 2021.
             Slain by a quokka (4 damage)
             ... on level 1 of the Dungeon.
             The game lasted 00:01:37 (906 turns).

quinnr the Gusty (Tengu Air Elementalist)            Turns: 906, Time: 00:01:38

Health: 0/15       AC:  2    Str:  8    XL:     2   Next: 83%
Magic:  2/6        EV: 12    Int: 15    God:
Gold:   9          SH:  0    Dex: 14    Spells: 4/5 levels left

rFire    . . .     SeeInvis .   (no weapon)
rCold    . . .     Faith    .   (no shield)
rNeg     . . .     Spirit   .   a - +0 robe
rPois    .         Reflect  .   (helmet restricted)
rElec    .         Harm     .   (no cloak)
rCorr    .         Rampage  .   (no gloves)
Will     .....                  (boots unavailable)
Stlth    ++........             (no amulet)
HPRegen  0.05/turn              (no ring)
MPRegen  0.10/turn              (no ring)

@: no status effects
A: beak, talons 3
a: no special abilities


You were on level 1 of the Dungeon.
You visited 1 branch of the dungeon, and saw 1 of its levels.

You collected 9 gold pieces.

Inventory:

Armour
 a - a +0 robe (worn)
Scrolls
 b - a scroll of amnesia {unknown}
Potions
 c - a potion of might {unknown}


   Skills:
 - Level 2.4 Dodging
 - Level 2.3 Stealth
 + Level 2.2 Spellcasting
 - Level 2.0 Conjurations
 + Level 4.3 Air Magic


You had 4 spell levels left.
You knew the following spells:

 Your Spells              Type           Power      Damage    Failure   Level
a - Shock                 Conj/Air       44%        1d5       6%          1

Your spell library contained the following spells:

 Spells                   Type           Power      Damage    Failure   Level
 Static Discharge         Conj/Air       11%        N/A       9%          2
 Swiftness                Air            14%        N/A       11%         3
 Airstrike                Air            7%         N/A       36%         4


Dungeon Overview and Level Annotations

Branches:
Dungeon (1/15)

Altars:


Innate Abilities, Weirdness & Mutations

You have a beak for a mouth.
You have claws for feet.


Message History

The zap misses the jackal.
The zap hits the jackal.
The jackal is severely wounded.
The jackal barks!
The zap misses the jackal.
The zap misses the jackal.
The jackal bites you but does no damage.
You are too depleted to draw on your mana recklessly!
You are too depleted to draw on your mana recklessly!
You are too depleted to draw on your mana recklessly!
You are too depleted to draw on your mana recklessly!
You hit the jackal.
The jackal is lightly wounded.
A quokka comes into view.
The jackal closely misses you. The jackal misses you.
There is an open door here.
You hit the jackal but do no damage. You claw the jackal.
You kill the jackal!
The jackal bites you.
The jackal barely misses you. x2; The jackal bites you.
The jackal closely misses you. The jackal bites you. The jackal bites you.
The quokka closely misses you. The jackal bites you.
You closely miss the jackal.
The jackal is lightly wounded.
The jackal closely misses you.
You hit the jackal. You peck the jackal.
The jackal is severely wounded.
The jackal bites you. The quokka bites you.
* * * LOW HITPOINT WARNING * * *
The quokka completely misses you. The quokka barely misses you.
Casting: Shock (safe; 6% risk of failure)
Confirm with . or Enter, or press ? or * to list all spells.
Aiming: Shock (safe; 6% risk of failure)
Press: ? - help, Shift-Dir - straight line You can't see that place. [a rock wall.]
Okay, then.
You hit the quokka but do no damage. Your kick misses the quokka.
The quokka bites you.
You die...

.#.##.#########...........##..###
...............รท.############.#
# ......##########.# #.###
.........#######.############(.##
#................................
#....#........##.#############..#
#....#........##.# #..#
#....####.....##.# #..# #....#
#....>##@########## #..# .....#
#.....##r#........# ##.#
#....####.....##h#[.......# #.#
#####........h...#........# #.#
#.........####........# #.#
#.........####........# #.#
####'####.....[....)..# #.#
.........................# #.#
.........###..........#### #.#


You could see a quokka and a jackal.

Vanquished Creatures
  2 endoplasms (D:1)
  A goblin (D:1)
  5 hobgoblins (D:1)
  A jackal (D:1)
  3 kobolds (D:1)
  A quokka (D:1)
  2 ball pythons (D:1)
  A bat (D:1)
  2 frilled lizards (D:1)
  A rat (D:1)
19 creatures vanquished.

Notes
Turn   | Place    | Note
-------+----------+-------------------------------------------
     0 | D:1      | quinnr the Tengu Air Elementalist began the quest for the
                  | Orb.
     0 | D:1      | Reached XP level 1. HP: 10/10 MP: 4/4
   341 | D:1      | Reached XP level 2. HP: 15/15 MP: 4/6
   906 | D:1      | Slain by a quokka

Illustrated notes

Levels and vault maps discovered:
D:1:      matt_arrival_diagonals, layout_basic, kennysheep_small_spiral,
          st_stairs_7

Skill      XL: |  1  2 |
---------------+-------+-----
Conjurations   | 2 |  2.0
Dodging        | |  2.4
Stealth        | |  2.3
Spellcasting   | |  2.2
Air Magic      | |  4.3

Action                   || total
-------------------------++-------
Melee: Unarmed           ||    10
       Kick              ||     1
       Peck              ||     1
 Cast: Shock             ||    38
Armor: Robe              ||     3
Dodge: Dodged            ||    12

Table legend: (Time is in decaauts)
 A = Elapsed time spent in this place.
 B = Non-inter-level travel time spent in this place.
 C = Inter-level travel time spent in this place.
 D = Time resting spent in this place.
 E = Time spent auto-exploring this place.
 F = Levels seen in this place.
 G = Mean time per level.
                   A        B        C        D        E       F      G
               +--------+--------+--------+--------+--------+-----+--------+
         Total |    906 |    906 |      0 |      0 |    813 |   1 |  906.0 |
       Dungeon |    906 |    906 |      0 |      0 |    813 |   1 |  906.0 |
               +--------+--------+--------+--------+--------+-----+--------+

Top non-repeatable levels by time:
     D:1: 906 daAuts
